 Dungeon Crawl Stone Soup version 0.29.0-5-ge4962eb29e (webtiles) character file.

Game seed: 10023264664464822538

60 gelatine the Chopper (level 3, -2/28 HPs)
             Began as a Palentonga Gladiator on Aug 29, 2022.
             Was a Priest of Uskayaw.
             Killed by nerve-wracking pain
             ... invoked by an orc priest
              (10 damage)
             ... on level 3 of the Dungeon.
             The game lasted 00:03:22 (1804 turns).

gelatine the Chopper (Palentonga Gladiator)         Turns: 1804, Time: 00:03:23

Health: -2/28      AC:  7    Str: 21    XL:     3   Next: 82%
Magic:  3/3        EV:  9    Int:  8    God:    Uskayaw [***...]
Gold:   95         SH:  0    Dex: 11    Spells: 2/2 levels left

rFire   . . .      SeeInvis +   a - +0 war axe
rCold   + . .      Faith    .   (no shield)
rNeg    . . .      Spirit   .   q - +1 ring mail {rC+}
rPois   .          Reflect  .   c - +0 helmet
rElec   .          Harm     .   (no cloak)
rCorr   .          Rampage  .   (no gloves)
Will    .....                   (no barding)
Stlth   +.........              n - amulet of the acrobat
HPRegen 0.09/turn               (no ring)
MPRegen 0.08/turn               (no ring)

@: no status effects
A: large, rugged brown scales 3, see invisible, deformed body, roll 1, armoured
tail
a: Rolling Charge, Renounce Religion, Stomp, Line Pass


You were on level 3 of the Dungeon.
You worshipped Uskayaw.
Uskayaw was noncommittal.
You visited 1 branch of the dungeon, and saw 3 of its levels.

You collected 95 gold pieces.

Inventory:

Hand Weapons
 a - a +0 war axe (weapon)
Missiles
 d - 2 throwing nets
 e - a javelin
Armour
 b - a +0 leather armour
 c - a +0 helmet (worn)
 q - a +1 ring mail of cold resistance (worn)
Jewellery
 n - an amulet of the acrobat (around neck)
Scrolls
 h - a scroll of noise {unknown}
 i - 3 scrolls of identify {unknown}
 j - a scroll of blinking {unknown}
 o - a scroll of butterflies {unknown}
 r - a scroll of poison {unknown}
Potions
 f - a potion of heal wounds
 g - 2 potions of haste {unknown}
 k - a potion of degeneration {unknown}
 l - 3 potions of attraction {unknown}
 m - 2 potions of curing {unknown}
 p - a potion of invisibility {unknown}


   Skills:
 + Level 2.2 Fighting
 + Level 3.8 Axes
 + Level 1.4 Throwing
 + Level 0.6 Armour
 + Level 2.9 Dodging
 + Level 0.7 Stealth


You had 2 spell levels left.
You didn't know any spells.
Your spell library contained the following spells:

 Spells                   Type           Power      Damage    Failure   Level
 Portal Projectile        Hex/Tloc       0%         N/A       91%         3
 Stone Arrow              Conj/Erth      0%         3d7       91%         3
 Tukima's Dance           Hex            0%         N/A       91%         3
 Animate Armour           Summ/Erth      0%         N/A       100%        4
 Blade Hands              Tmut           0%         N/A       100%        5
 Lehudib's Crystal Spear  Conj/Erth      0%         10d2      100%        8


Dungeon Overview and Level Annotations

Branches:
Dungeon (3/15)

Altars:
Uskayaw


Innate Abilities, Weirdness & Mutations

You are completely covered in rugged brown scales. (AC +3, +7% HP)
You have supernaturally acute eyesight. (SInv)
Armour fits poorly on your strangely shaped body.
You can roll at nearby foes to attack.
You have a long armoured tail.


Message History

The orc wizard is severely wounded.
The orc wizard closely misses you.
It was a potion of heal wounds.
You feel much better.
The orc wizard hits you but does no damage.
You closely miss the orc wizard.
The orc wizard is severely wounded.
The orc wizard points at you and mumbles some strange words.
The puff of flame hits you!
You closely miss the orc wizard.
The orc wizard is severely wounded.
The orc wizard mumbles some strange words.
The orc wizard flickers and vanishes for a moment.
You hit the orc wizard.
You kill the orc wizard!
The orc hits you but does no damage.
You barely miss the orc. The orc hits you with a +0 dagger.
You closely miss the orc. The orc closely misses you.
You barely miss the orc. The orc hits you with a +0 dagger. x2
You barely miss the orc. The orc hits you with a +0 dagger.
You closely miss the orc. The orc barely misses you.
You can no longer pass through a line of other dancers.
You slash the orc!
You kill the orc!
The orc priest hits you with a +0 club.
* * * LOW HITPOINT WARNING * * *
You can now pass through a line of other dancers.
You slash the orc priest!
You tail-slap the orc priest, but do no damage.
The orc priest is severely wounded.
The orc priest closely misses you.
Uskayaw will force your foes to helplessly watch your dance.
Uskayaw prepares the audience for your solo!
The helpless orc priest fails to defend itself.
You hit the orc priest.
The orc priest is almost dead.
The orc is no longer paralysed.
The orc priest is no longer paralysed.
The worm is no longer paralysed.
The orc priest calls down the wrath of Beogh upon you.
Pain shoots through your body!
You die...

..... ##.....
...... ..... r..#
o..#
#########ow.#
#.......@###
#..........# .
#..........##....
#..?.....<......#
#........####....
##.........# ...
#.........# #
#...........
#............


You could see a worm, an orc priest, an orc and a rat.

Vanquished Creatures
  An orc wizard (D:3)
  An adder (D:2)
  A dart slug (D:1)
  2 orcs (D:3)
  4 ball pythons
  An endoplasm (D:2)
  3 hobgoblins
  3 quokkas (D:2)
  2 frilled lizards
  2 kobolds
  4 rats
24 creatures vanquished.

Vanquished Creatures (others)
  A plant (D:1)
1 creature vanquished.

Grand Total: 25 creatures vanquished

Notes
Turn   | Place    | Note
-------+----------+-------------------------------------------
     0 | D:1      | gelatine the Palentonga Gladiator began the quest for the
                  | Orb.
     0 | D:1      | Reached XP level 1. HP: 17/17 MP: 1/1
   903 | D:1      | Reached XP level 2. HP: 23/23 MP: 2/2
  1362 | D:2      | Reached XP level 3. HP: 28/28 MP: 3/3
  1425 | D:2      | Found a faded altar of an unknown god.
  1431 | D:2      | Prayed at the altar of an unknown god.
  1431 | D:2      | Became a worshipper of Uskayaw the Reveller
  1431 | D:2      | Reached * piety under Uskayaw
  1783 | D:3      | Reached ** piety under Uskayaw
  1803 | D:3      | Reached *** piety under Uskayaw
  1804 | D:3      | Killed from afar by an orc priest

Illustrated notes

Levels and vault maps discovered:
D:1:      sevenhm_arrival_forest_fort_large_4, layout_loops_ring,
          roderic_serpentine_path
D:2:      layout_loops_ring, basic_ecumenical_altar
D:3:      layout_basic, lemuel_crystal_altar, eat_drink_and_be_merry_uskayaw,
          kennysheep_generic_room_13, uniq_jessica, uniq_grinder, uniq_ijyb

Action                   || total
-------------------------++-------
Melee: War axe           ||    77
       Tailslap          ||     6
Throw: Throwing net      ||     1
 Abil: Rolling Charge    ||    13
  Use: Potion            ||     1
 Stab: Paralysed         ||     1
Armor: Leather armour    ||     8
       Ring mail         ||    15
Dodge: Dodged            ||    33
